 Dungeon Crawl Stone Soup version 0.28-a0-305-g9e858e973b (webtiles) character file.

Game seed: 3502851666646987561

39 bande the Shield-Bearer (level 3, -5/24 HPs)
             Began as a Gargoyle Fighter on Aug 29, 2021.
             Slain by a gnoll (6 damage)
             ... on level 2 of the Dungeon.
             The game lasted 00:03:01 (1398 turns).

bande the Shield-Bearer (Gargoyle Fighter)          Turns: 1398, Time: 00:03:02

Health: -5/24      AC: 10    Str: 19    XL:     3   Next: 47%
Magic:  3/3        EV:  7    Int:  8    God:
Gold:   58         SH:  8    Dex: 10    Spells: 2/2 levels left

rFire   . . .      SeeInvis .   a - +0 war axe
rCold   . . .      Faith    .   c - +0 kite shield
rNeg    + . .      Spirit   .   b - +0 scale mail
rPois   ∞          Reflect  .   (no helmet)
rElec   +          Harm     .   (no cloak)
rCorr   .          Rampage  .   (no gloves)
Will    .....                   (no boots)
Stlth   ..........              (no amulet)
HPRegen 0.08/turn               (no ring)
MPRegen 0.08/turn               (no ring)

@: no status effects
A: sickness immunity, AC +3, negative energy resistance 1, electricity
resistance, torment resistance 1, petrification resistance
a: no special abilities


You were on level 2 of the Dungeon.
You visited 1 branch of the dungeon, and saw 2 of its levels.

You collected 58 gold pieces.

Inventory:

Hand Weapons
 a - a +0 war axe (weapon)
Armour
 b - a +0 scale mail (worn)
 c - a +0 kite shield (worn)
Scrolls
 g - 2 scrolls of identify
Potions
 d - a potion of might
 e - a potion of flight
 f - a potion of cancellation {unknown}


   Skills:
 + Level 3.6 Fighting
 + Level 2.1 Axes
 + Level 3.7 Armour
 + Level 0.2 Dodging
 + Level 3.9 Shields


You had 2 spell levels left.
You didn't know any spells.
Your spell library contained the following spells:

 Spells                   Type           Power      Damage    Failure   Level
 Foxfire                  Conj/Fire      0%         2x1d4     99%         1
 Conjure Flame            Conj/Fire      0%         6-21      100%        3
 Inner Flame              Hex/Fire       0%         N/A       100%        3


Dungeon Overview and Level Annotations

Branches:
Dungeon (2/15)

Altars:


Innate Abilities, Weirdness & Mutations

You are immune to sickness and miasma.
Your stone body is resilient. (AC +3)
You are immune to poison.
You resist negative energy. (rN+)
You are resistant to electric shocks. (rElec)
You are resistant to unholy torment.
You are immune to petrification.


Message History

There is a stone staircase leading up here.
You climb upwards.
There is a stone staircase leading down here.
You climb downwards.
There is a stone staircase leading up here.
The endoplasm barely misses you.
The gnoll hits you from afar with a +0 halberd.
You climb upwards.
There is a stone staircase leading down here.
You slash the endoplasm!
You kill the endoplasm!
No target in view!
No target in view!
No target in view!
No target in view!
You start resting.
HP restored.
You climb downwards.
There is a stone staircase leading up here.
The gnoll hits you with a +0 spear.
You slash the gnoll!
The gnoll is heavily wounded.
The gnoll hits you but does no damage. You block the gnoll's attack.
You hit the gnoll.
The gnoll is almost dead.
The gnoll hits you with a +0 spear. x2
You closely miss the gnoll.
The gnoll is almost dead.
The gnoll hits you but does no damage.
You barely miss the gnoll.
The gnoll is almost dead.
The gnoll hits you but does no damage. x2
The gnoll hits you from afar with a +0 halberd!
Ouch! That really hurt!
* * * LOW HITPOINT WARNING * * *
The gnoll barely misses you.
There is a stone staircase leading up here.
The gnoll barely misses you.
The gnoll hits you from afar with a +0 halberd.
You die...

#### #... #... #... #...
########### #...
#.........#####...
#######................#
.......@..........######
.######.............#
........)gg..).....##
########...........#
...###...........#
#...............#
####....##......#
#............#
####..(..#......#


You could see 2 gnolls.

Vanquished Creatures
  A gnoll (D:2)
  6 bats
  4 endoplasms (D:1)
  2 giant cockroaches (D:1)
  2 goblins (D:1)
  3 hobgoblins (D:1)
  2 kobolds (D:2)
  A quokka (D:1)
  2 ball pythons (D:1)
  A frilled lizard (D:1)
  4 rats
28 creatures vanquished.

Notes
Turn   | Place    | Note
-------+----------+-------------------------------------------
     0 | D:1      | bande the Gargoyle Fighter began the quest for the Orb.
     0 | D:1      | Reached XP level 1. HP: 14/14 MP: 1/1
   212 | D:1      | Reached XP level 2. HP: 17/19 MP: 2/2
   579 | D:1      | Found a faded altar of an unknown god.
  1189 | D:2      | Reached XP level 3. HP: 20/23 MP: 3/3
  1396 | D:2      | HP: 1/24 [gnoll (12)]
  1398 | D:2      | Slain by a gnoll

Illustrated notes

Levels and vault maps discovered:
D:1:      dpeg_arrival_radiant, layout_loops_ring, basic_ecumenical_altar
D:2:      layout_rooms, serial_shops, shop, hangedman_decor_lopped

Skill      XL: |  1  2 |
---------------+-------+-----
Axes           | 2 |  2.1
Fighting       | |  3.6
Armour         | |  3.7
Dodging        | |  0.2
Shields        | |  3.9

Action                   || total
-------------------------++-------
Melee: War axe           ||    80
  Use: Scroll            ||     4
Armor: Scale mail        ||    60
Dodge: Dodged            ||    29
Block: Kite shield       ||    42

Table legend: (Time is in decaauts)
 A = Elapsed time spent in this place.
 B = Non-inter-level travel time spent in this place.
 C = Inter-level travel time spent in this place.
 D = Time resting spent in this place.
 E = Time spent auto-exploring this place.
 F = Levels seen in this place.
 G = Mean time per level.
                   A        B        C        D        E       F      G
               +--------+--------+--------+--------+--------+-----+--------+
         Total |   1452 |   1452 |      0 |    180 |    926 |   2 |  726.0 |
       Dungeon |   1452 |   1452 |      0 |    180 |    926 |   2 |  726.0 |
               +--------+--------+--------+--------+--------+-----+--------+

Top non-repeatable levels by time:
     D:1: 1210 daAuts
     D:2: 241 daAuts
